 Dungeon Crawl Stone Soup version 0.30-a0-159-g068b764562 (webtiles) character file.

Game seed: 5755841603986627326

2849 ragingrage the Destroyer (level 9, -3/55 (63) HPs)
             Began as a Demonspawn Reaver on Sept 27, 2022.
             Was a Priest of Vehumet.
             Slain by a wight
             ... wielding a +3 great sword
              (8 damage)
             ... on level 6 of the Dungeon.
             The game lasted 00:16:07 (8159 turns).

ragingrage the Destroyer (Demonspawn Reaver)        Turns: 8159, Time: 00:16:07

HP:   -3/55 (63)    AC: 13    Str: 15    XL:     9   Next: 46%
MP:   25/25         EV: 12    Int: 17    God:    Vehumet [***...]
Gold: 38            SH:  0    Dex: 13    Spells: 10/18 levels left

rFire   + + +      SeeInvis .    k - +1 hand axe "Curerayl" {flame, Dex+2}
rCold   . . .      Faith    .    (no shield)
rNeg    . . .      Spirit   .    B - +1 leather armour {rF+}
rPois   .          Reflect  .    f - +0 helmet
rElec   .          Harm     .    (no cloak)
rCorr   .          Rampage  .    A - +1 pair of gloves
Will    .....                    j - +0 pair of boots of Tartarus {Drain rF++ Regen+ Stlth+}
Stlth   ++........               (no amulet)
HPRegen 0.98/turn                e - +4 ring of protection
MPRegen 0.19/turn                C - ring of magical power

@: mighty, heavily drained
A: rugged brown scales 1, powered by pain 2
a: Renounce Religion


You were on level 6 of the Dungeon.
You worshipped Vehumet.
Vehumet was most pleased with you.
You visited 1 branch of the dungeon, and saw 6 of its levels.

You collected 163 gold pieces.
You spent 125 gold pieces at shops.

Inventory:

Hand Weapons
 a - a +2 vampiric scythe
 b - a +0 dagger of venom
 c - a +2 whip of flaming
 k - the +1 hand axe "Curerayl" (weapon) {flame, Dex+2}
   (You found it on level 3 of the Dungeon)

   It burns those it strikes, dealing additional fire damage.
   Big, fiery blades are also staple armaments of hydra-hunters.
   Dex:       It affects your dexterity (+2).
Missiles
 w - 14 poisoned darts
Armour
 f - a +0 helmet (worn)
 j - the +0 pair of boots of Tartarus (worn) {Drain rF++ Regen+ Stlth+}
   (You acquired it on level 2 of the Dungeon)

   rF:        It greatly protects you from fire.
   Regen:     It increases your rate of health regeneration.
   Drain:     It drains your maximum health when unequipped.
   Stlth:     It makes you more stealthy.
 A - a +1 pair of gloves (worn)
 B - a +1 leather armour of fire resistance (worn)
Jewellery
 e - a +4 ring of protection (left hand)
 r - a ring of poison resistance
 v - a ring of protection from cold
 y - a ring of fire
 C - a ring of magical power (right hand)
Wands
 d - a wand of paralysis (1)
 m - a wand of flame (16)
 t - a wand of polymorph (5)
Scrolls
 u - a scroll of amnesia
 x - a scroll of identify
Potions
 h - a potion of berserk rage {unknown}
 i - a potion of experience {unknown}
 l - a potion of attraction {unknown}
 n - 2 potions of curing
 o - 3 potions of mutation {unknown}
 p - a potion of haste {unknown}
 q - a potion of lignification {unknown}
 s - 3 potions of heal wounds


   Skills:
 + Level 2.4 Fighting
 - Level 4.1 Polearms
 + Level 2.2 Dodging
 + Level 5.2 Spellcasting
 + Level 8.9 Conjurations
 - Level 2.0 Necromancy
 - Level 2.0 Fire Magic
 + Level 6.1 Earth Magic


You had 10 spell levels left.
You knew the following spells:

 Your Spells              Type           Power      Damage    Failure   Level
a - Kiss of Death         Conj/Necr      88%        2d12      1%          1
b - Volcanic Tap          Conj/Fire/Erth 46%        3d10      1%          2
c - Hailstorm             Conj/Ice       19%        3d6       2%          3
d - Sandblast             Erth           50%        2d12      1%          1
e - Magic Dart            Conj           100%       1d8       1%          1

Your spell library contained the following spells:

 Spells                   Type           Power      Damage    Failure   Level
 Inner Flame              Hex/Fire       7%         N/A       10%         3
 Gell's Gravitas          Tloc           4%         N/A       45%         3
 Teleport Other           Tloc           4%         N/A       45%         3
 Dispersal                Tloc           2%         N/A       100%        6


Dungeon Overview and Level Annotations

Branches:
Dungeon (6/15)             Temple (0/1) D:5

Altars:
Trog
Uskayaw
Vehumet
Wu Jian

Shops:
D:4 [

Annotations:
D:2 1 runed translucent door, Crazy Yiuf
D:4 Ijyb, Menkaure


Innate Abilities, Weirdness & Mutations

You are partially covered in rugged brown scales. (AC +1, +3% HP)
You sometimes gain power by taking damage.


Message History

You closely miss the wight.
The wight is severely damaged.
You barely miss the wight. x2
You are no longer bound to the earth.
The wight hits you with a +5 short sword.
You feel drained.
The wight hits you with a +0 long sword.
The wight barely misses you.
The wight hits you with a +0 long sword.
The wight barely misses you. The wight hits you but does no damage.
You barely miss the wight.
The wight is severely damaged.
You hit the wight but do no damage. You closely miss the wight.
The wight barely misses you.
The wight hits you with a +0 long sword.
You feel drained. The wight completely misses you.
A wight comes into view. It is wielding a +4 short sword.
You hit the wight. You burn the wight.
The wight is almost destroyed.
You closely miss the wight. You hit the wight but do no damage.
The wight hits you but does no damage. x2
The wight hits you with a +3 great sword!
* * * LOW HITPOINT WARNING * * *
You focus on the pain.
You feel very mighty all of a sudden.
As you read the scroll labelled BAPHOR UMIYHA, it crumbles to dust.
You feel aware of your surroundings.
You sensed 1 altar, and 1 shop/portal.
It was a scroll of magic mapping.
The wight hits you with a +5 short sword!
* * * LOW HITPOINT WARNING * * *
The wight hits you but does no damage. The wight closely misses you.
You barely miss the wight.
The wight is almost destroyed.
You barely miss the wight. You hit the wight but do no damage.
The wight closely misses you.
The wight hits you with a +0 long sword.
* * * LOW HITPOINT WARNING * * *
You feel drained.
The wight hits you with a +3 great sword!
You die...

.................##....##.#....).
................###§§○○#....##..#
.l........##.#...#°°○§)....###..#
............##...☼○#§............
.)...............°§○..........###
.................°☼#........#####
...........#..###○####....#......
#.......########°○###§§°..#.....#
=........#####.#@z..z°§°...#..###
.........§§☼○§§§zz§°§§§°.....##,*
........##°°°§§§°##§§○.§.....#♣,,
.....#######§°§§##*.§§#°.##.##,,,
.......,**#§°#☼°!,,.####[#..#>,,,
........,*#☼○§☼○≈~~..#......##,,,
...#....,§§§☼§☼°≈≈~≈≈≈.......#*,,
..###....#○§○§°).≈~≈≈≈≈......##,*
...**#.*~≈≈≈≈≈.####.≈≈≈≈......#**


You could see 4 wights.

Vanquished Creatures
  Pikel (D:5)
  A kobold demonologist (D:5)
  Prince Ribbit (D:5)
  Sigmund (D:5)
  A water moccasin (D:6)
  A black bear (D:5)
  An ice beast (D:6)
  An ogre (D:6)
  4 centaurs (D:6)
  A phantom (D:6)
  A kobold brigand (D:5)
  A necrophage (D:6)
  3 scorpions
  A wight (D:6)
  A howler monkey (D:6)
  A jelly (D:3)
  A gnoll bouda (D:6)
  2 orc priests
  2 hounds (D:5)
  Terence (D:2)
  3 iguanas
  Natasha (thrice) (D:2)
  2 orc wizards (D:5)
  Robin (D:1)
  8 gnolls
  6 adders
  A shadow imp (D:5)
  An ufetubus (D:4)
  2 dart slugs
  2 worms
  12 orcs
  7 ball pythons
  4 endoplasms
  3 giant cockroaches
  14 goblins
  7 hobgoblins
  9 kobolds
  3 quokkas
  2 bats
  4 frilled lizards
  5 rats
126 creatures vanquished.

Vanquished Creatures (others)
  An ice beast (D:6)
  A black bear (D:6)
  2 orc priests (D:5)
  3 gnolls
  2 adders
  A hobgoblin (D:6)
10 creatures vanquished.

Grand Total: 136 creatures vanquished

Notes
Turn   | Place    | Note
-------+----------+-------------------------------------------
     0 | D:1      | ragingrage the Demonspawn Reaver began the quest for the
                  | Orb.
     0 | D:1      | Reached XP level 1. HP: 16/16 MP: 3/3
   388 | D:1      | Gained mutation: You are partially covered in rugged brown
                  | scales. (AC +1, +3% HP) [demonic ancestry]
   388 | D:1      | Reached XP level 2. HP: 9/19 MP: 3/5
   585 | D:1      | Learned a level 2 spell: Volcanic Tap
  1268 | D:2      | Reached XP level 3. HP: 25/26 MP: 6/6
  1285 | D:2      | Noticed Robin
  1397 | D:1      | Killed Robin
  1398 | D:1      | Reached skill level 1 in Necromancy
  1823 | D:2      | Reached skill level 1 in Earth Magic
  2054 | D:2      | Learned a level 3 spell: Hailstorm
  2091 | D:2      | Noticed Natasha
  2105 | D:2      | Killed Natasha
  2106 | D:2      | Reached XP level 4. HP: 26/30 MP: 5/7
  2223 | D:2      | You fall into a shaft and drop 1 floor!
  2334 | D:3      | Reached skill level 4 in Conjurations
  2594 | D:2      | Noticed Natasha
  2610 | D:2      | Killed Natasha
  2611 | D:2      | Gained mutation: You sometimes gain a little power by
                  | taking damage. [demonic ancestry]
  2611 | D:2      | Reached XP level 5. HP: 30/36 MP: 8/8
  2674 | D:2      | Noticed Natasha
  2687 | D:2      | Killed Natasha
  2756 | D:2      | Noticed Terence
  2781 | D:2      | Killed Terence
  3068 | D:2      | Found a runed translucent door.
  3069 | D:2      | Noticed Crazy Yiuf
  3179 | D:2      | Identified a scroll of acquirement
  3179 | D:2      | Acquired the +0 pair of boots of Tartarus {Drain rF++
                  | Regen+ Stlth+}
  3304 | D:3      | Identified the +1 hand axe "Curerayl" {flame, Dex+2}
  3309 | D:3      | Found a faded altar of an unknown god.
  3313 | D:3      | Prayed at the altar of an unknown god.
  3313 | D:3      | Became a worshipper of Vehumet
  3313 | D:3      | Reached * piety under Vehumet
  3313 | D:3      | Offered knowledge of Sandblast by Vehumet.
  3316 | D:3      | Learned a level 1 spell: Sandblast
  4072 | D:3      | Reached XP level 6. HP: 33/45 MP: 5/9
  4255 | D:4      | Found Deydigg's Antique Armour Shop.
  4262 | D:4      | Noticed Menkaure
  4290 | D:4      | Reached skill level 5 in Conjurations
  4800 | D:4      | Offered knowledge of Magic Dart by Vehumet.
  4913 | D:4      | Found an ornate altar of the Wu Jian Council.
  4916 | D:4      | Noticed Ijyb
  5094 | D:5      | Entered Level 5 of the Dungeon
  5113 | D:5      | Found a hide-covered altar of Uskayaw.
  5179 | D:5      | Reached ** piety under Vehumet
  5321 | D:5      | Found a staircase to the Ecumenical Temple.
  5448 | D:5      | Noticed Prince Ribbit
  5581 | D:6      | Noticed a kobold demonologist
  5605 | D:5      | Noticed Pikel
  5616 | D:5      | Paralysed by Pikel for 4 turns
  5639 | D:5      | Killed Pikel
  5640 | D:5      | Reached skill level 6 in Conjurations
  5640 | D:5      | Reached XP level 7. HP: 27/51 MP: 4/10
  5776 | D:5      | Noticed Sigmund
  5845 | D:4      | Bought a runed leather armour for 125 gold pieces
  6005 | D:5      | Learned a level 1 spell: Magic Dart
  6070 | D:5      | Killed Prince Ribbit
  6071 | D:5      | Gained mutation: You sometimes gain power by taking damage.
                  | [demonic ancestry]
  6071 | D:5      | Reached XP level 8. HP: 48/57 MP: 4/11
  6174 | D:5      | Reached skill level 5 in Earth Magic
  6218 | D:5      | Reached skill level 7 in Conjurations
  6617 | D:5      | Killed Sigmund
  6622 | D:6      | Noticed an orange demon
  6945 | D:6      | Found a bloodstained altar of Trog.
  7227 | D:5      | Killed a kobold demonologist
  7228 | D:5      | Reached skill level 8 in Conjurations
  7228 | D:5      | Reached XP level 9. HP: 52/62 MP: 14/14
  7411 | D:6      | Offered knowledge of Inner Flame by Vehumet.
  7706 | D:6      | Reached skill level 5 in Spellcasting
  8092 | D:6      | Reached *** piety under Vehumet
  8159 | D:6      | Slain by a wight

Illustrated notes

Levels and vault maps discovered:
D:1:      elethiomel_arrival_infinity_welcomes_careful_drivers, layout_basic,
          corexii_hall_statues_i, chequers_serial_rivers_micro_e
D:2:      minmay_evil_eye, layout_rooms, uniq_crazy_yiuf_cottage, uniq_terence,
          uniq_natasha, uniq_robin
D:3:      layout_basic, hellmonk_ecumenical_altar_heavens_door,
          kennysheep_cross_room, minmay_distorted
D:4:      nicolae_cairo_tiling_very_big, layout_loops_ring,
          nzn_wu_jian_contemplation, vehumet_crystals, serial_shops,
          nicolae_shop_crystal, item_on_display_a, uniq_grinder, uniq_ijyb,
          uniq_menkaure
D:5:      layout_cave_pods, old_standard_altar, minmay_temple_entry_waves,
          uniq_sigmund, uniq_pikel, uniq_prince_ribbit1
D:6:      cheibrodos_iron_armory, layout_cave_pools, trog_hazing_becter,
          yredelemnul_forgotten_temple_becter, centaur_isle

Skill      XL: |  1  2  3  4  5  6  7  8  9 |
---------------+----------------------------+-----
Polearms       | 3 4 |  4.1
Necromancy     | 1 2 |  2.0
Earth Magic    | 1 4 6 |  6.1
Conjurations   | 4 6 8 |  8.9
Fire Magic     | 2 |  2.0
Spellcasting   | 3 5 |  5.2
Dodging        | 2 |  2.2
Fighting       | |  2.4

Action                   |  1- 3 |  4- 6 |  7- 9 || total
-------------------------+-------+-------+-------++-------
Melee: Spear             |   122 |    49 |       ||   171
       Dagger            |       |   160 |    76 ||   236
       Trident           |       |     1 |       ||     1
       Punch             |       |     1 |       ||     1
       Hand axe          |       |       |     7 ||     7
Throw: Dart              |       |       |     7 ||     7
 Cast: Kiss of Death     |     3 |     4 |     2 ||     9
       Volcanic Tap      |       |     9 |    20 ||    29
       Sandblast         |       |    26 |    75 ||   101
       Magic Dart        |       |       |    41 ||    41
Evoke: Wand              |       |       |     1 ||     1
  Use: Scroll            |       |     4 |     4 ||     8
       Potion            |       |       |     2 ||     2
 Stab: Sleeping          |       |     3 |     1 ||     4
       Paralysed         |       |       |     8 ||     8
Armor: Leather armour    |    29 |    87 |    94 ||   210
Dodge: Dodged            |    45 |   101 |    98 ||   244

Table legend: (Time is in decaauts)
 A = Elapsed time spent in this place.
 B = Non-inter-level travel time spent in this place.
 C = Inter-level travel time spent in this place.
 D = Time resting spent in this place.
 E = Time spent auto-exploring this place.
 F = Levels seen in this place.
 G = Mean time per level.
                   A        B        C        D        E       F      G
               +--------+--------+--------+--------+--------+-----+--------+
         Total |   8215 |   7965 |    250 |   2779 |   3564 |   6 | 1369.2 |
       Dungeon |   8215 |   7965 |    250 |   2779 |   3564 |   6 | 1369.2 |
               +--------+--------+--------+--------+--------+-----+--------+

Top non-repeatable levels by time:
     D:5: 1791 daAuts
     D:2: 1490 daAuts
     D:1: 1456 daAuts
     D:3: 1279 daAuts
     D:6: 1263 daAuts
     D:4: 933 daAuts
